 Dungeon Crawl Stone Soup version 0.26.1-11-gd32895ea62 (webtiles) character file.

Game seed: 7384693489425911567

63 Bergy the Cudgeller (level 4, -1/28 HPs)
             Began as a Gargoyle Fighter on July 13, 2021.
             Killed from afar by Ijyb (4 damage)
             ... with a puff of flame
             ... on level 3 of the Dungeon.
             The game lasted 00:04:38 (2156 turns).

Bergy the Cudgeller (Gargoyle Fighter)              Turns: 2156, Time: 00:04:39

Health: -1/28      AC: 10    Str: 21    XL:     4   Next: 10%
Magic:  4/4        EV:  7    Int:  8    God:
Gold:   72         SH:  9    Dex:  9    Spells: 3/3 levels left

rFire    . . .     SeeInvis .   a - +0 flail
rCold    . . .     Faith    .   c - +0 kite shield
rNeg     + . .     Spirit   .   b - +0 scale mail
rPois    ∞         Reflect  .   (no helmet)
rElec    +         Harm     .   (no cloak)
rCorr    .         Rampage  .   (no gloves)
Will     .....                  (no boots)
Stlth    ..........             (no amulet)
HPRegen  0.09/turn              (no ring)
MPRegen  0.09/turn              (no ring)

@: no status effects
A: negative energy resistance 1, electricity resistance, unbreathing,
petrification resistance, miasma immunity, AC +3
a: no special abilities


You were on level 3 of the Dungeon.
You visited 1 branch of the dungeon, and saw 3 of its levels.

You collected 72 gold pieces.

Inventory:

Hand Weapons
 a - a +0 flail (weapon)
Armour
 b - a +0 scale mail (worn)
 c - a +0 kite shield (worn)
 m - a +2 kite shield
Wands
 n - a wand of iceblast (13)
 q - a wand of acid (5)
Scrolls
 e - a scroll of amnesia {unknown}
 g - 2 scrolls of remove curse {unknown}
 h - a scroll of enchant armour {unknown}
 i - 2 scrolls of enchant weapon {unknown}
 j - a scroll of fog {unknown}
 k - 2 scrolls of teleportation {unknown}
 o - a scroll of identify {unknown}
Potions
 d - a potion of might
 f - 2 potions of magic {unknown}
 l - a potion of berserk rage {unknown}
 p - a potion of curing {unknown}


   Skills:
 - Level 3.2 Fighting
 * Level 4.2 Maces & Flails
 - Level 3.2 Armour
 - Level 3.2 Shields


You had 3 spell levels left.
You didn't know any spells.
Your spell library was empty.

Dungeon Overview and Level Annotations

Branches:
Dungeon (3/15)

Altars:
Ashenzari
Fedhas
Nemelex Xobeh
Okawaru
Wu Jian

Annotations:
D:3 Ijyb


Innate Abilities, Weirdness & Mutations

You are resistant to torment.
Your stone body is resilient. (AC +3)
You are immune to poison.
You resist negative energy. (rN+)
You are resistant to electric shocks. (rElec)
You can survive without breathing.
You are immune to petrification.
You are immune to miasma.


Message History

Ijyb is severely wounded.
You block Ijyb's attack.
You hit Ijyb but do no damage.
Ijyb is severely wounded.
Ijyb zaps a wand.
The puff of flame hits you.
Ijyb screams, "Level is mine!
All mine!"
Ijyb zaps a wand.
The puff of flame hits you!
* * * LOW HITPOINT WARNING * * *
You closely miss Ijyb.
Ijyb is severely wounded.
Ijyb hits you.
* * * LOW HITPOINT WARNING * * *
You hit Ijyb but do no damage.
Ijyb is severely wounded.
Ijyb zaps a wand.
The puff of flame hits you.
* * * LOW HITPOINT WARNING * * *
You hit Ijyb.
Ijyb is almost dead.
Ijyb zaps a wand.
The puff of flame hits you.
You die...

..... ...... ...... ##
...g.. ###. ......#
#.. ....... #.#
.......######.#####.##
.........)†.@g!......#
.####<....#####.....##
##.<### .....# ##.#
.....# #.# ..g..# #..
###..# #.. .... #..#
... ##.#


You could see Ijyb.

Vanquished Creatures
  An adder (D:2)
  An ooze (D:2)
  A worm (D:2)
  6 bats
  A giant cockroach (D:2)
  10 goblins
  7 hobgoblins
  5 kobolds
  3 ball pythons
  4 frilled lizards
  5 rats
44 creatures vanquished.

Notes
Turn   | Place    | Note
-------+----------+-------------------------------------------
     0 | D:1      | Bergy the Gargoyle Fighter began the quest for the Orb.
     0 | D:1      | Reached XP level 1. HP: 14/14 MP: 1/1
   269 | D:1      | Reached XP level 2. HP: 17/19 MP: 2/2
   649 | D:1      | Reached skill level 3 in Maces & Flails
   889 | D:1      | Reached XP level 3. HP: 23/23 MP: 3/3
  1272 | D:2      | Found a broken altar of Ashenzari.
  1365 | D:2      | Found a sparkling altar of Nemelex Xobeh.
  1688 | D:2      | Reached skill level 4 in Maces & Flails
  1714 | D:2      | Reached XP level 4. HP: 28/28 MP: 4/4
  1719 | D:2      | Found an iron altar of Okawaru.
  1943 | D:2      | Found a faded altar of an unknown god.
  1956 | D:2      | Found a blossoming altar of Fedhas.
  2082 | D:2      | Found an ornate altar of the Wu Jian Council.
  2136 | D:3      | Noticed Ijyb
  2156 | D:3      | Killed from afar by Ijyb

Illustrated notes

Levels and vault maps discovered:
D:1:      nicolae_arrival_washed_ashore, layout_basic, serial_bayou_lagoon_a
D:2:      layout_loops_ring, marbit_many_paths, ashenzari_altar_1,
          nemelex_xobeh_ov_fountains_minmay, fedhas_altar_2,
          chequers_ecumenical_altar_grove, kennysheep_okawaru_gauntlet
D:3:      minmay_thinvault, layout_rooms, elyvilon_altar_1,
          yredelemnul_forgotten_temple_becter, nicolae_overflow_hidden_temple,
          lightli_sewer_entry_pipes, uniq_natasha, uniq_ijyb, uniq_grinder

Skill      XL: |  1  2  3 |
---------------+----------+-----
Maces & Flails | 3 4 |  4.2
Fighting       | |  3.2
Armour         | |  3.2
Shields        | |  3.2

Action                   |  1- 3 |  4- 6 || total
-------------------------+-------+-------++-------
Melee: Flail             |   132 |    33 ||   165
Armor: Scale mail        |    77 |    14 ||    91
Dodge: Dodged            |    37 |     9 ||    46
Block: Kite shield       |    79 |    12 ||    91
